 Seeded DCSS version 0.31-a0-229-g1fc7ce93e2 (webtiles) character file.

Game seed: 705649268257728946 (custom seed)

23 innerfire43 the Chopper (level 2, 0/24 HPs)
             Began as a Demonspawn Monk on July 6, 2023.
             Slain by Terence
             ... wielding a +0 mace
              (7 damage)
             ... on level 2 of the Dungeon.
             The game lasted 00:01:38 (1162 turns).

innerfire43 the Chopper (Demonspawn Monk)           Turns: 1162, Time: 00:01:39

Health: 0/24       AC:  2    Str: 11    XL:     2   Next: 75%
Magic:  2/2        EV: 13    Int: 11    God:
Gold:   917        SH:  0    Dex: 15    Spells: 1/1 levels left

rFire   . . .        m - +0 war axe
rCold   . . .        d - orb {light}
rNeg    . . .        b - +0 robe
rPois   .            (no helmet)
rElec   .            (no cloak)
rCorr   .            (no gloves)
SInv    .            (no boots)
Will    .....        (no amulet)
Stlth   +            (no ring)
HPRegen 0.24/turn    (no ring)
MPRegen 0.08/turn

%: no passive effects
@: glowing
A: claws 1, hooves 1, sturdy frame 1
a: no special abilities


You were on level 2 of the Dungeon.
You visited 1 branch of the dungeon, and saw 2 of its levels.

You collected 917 gold pieces.

Inventory:

Hand Weapons
 a - a +0 hand axe
 m - a +0 war axe (weapon)
Armour
 b - a +0 robe (worn)
 d - an orb of light (worn)
Scrolls
 g - a scroll of blinking {unknown}
 i - a scroll of immolation {unknown}
 j - a scroll of teleportation {unknown}
 k - a scroll of fog
Potions
 c - 2 potions of ambrosia
 e - a potion of mutation
 f - a potion of berserk rage {unknown}
 h - a potion of resistance {unknown}


   Skills:
 - Level 3.0 Fighting
 * Level 3.4 Axes
 + Level 3.0 Dodging


You had one spell level left.
You didn't know any spells.
Your spell library was empty.

Dungeon Overview and Level Annotations

Branches:
Dungeon (2/15)

Altars:

Annotations:
D:2 Terence


Innate Abilities, Weirdness & Mutations

You have sharp fingernails.
You have large cloven feet.
Your movements are slightly less encumbered by armour. (ER -2)


Message History

You hit Terence.
Terence is lightly wounded.
Terence hits you with a +0 mace.
You barely miss Terence.
Terence is lightly wounded.
Terence hits you with a +0 mace! Terence barely misses you.
You are too injured to fight recklessly!
You are too injured to fight recklessly!
You are too injured to fight recklessly!
You are confused.
You feel invigorated.
Terence zaps a wand.
The puff of flame hits you!
Ouch! That really hurt!
* * * LOW HITPOINT WARNING * * *
It was a potion of mutation.
You feel extremely strange.
Your feet thicken and deform.
You feel less encumbered by your armour.
Terence zaps a wand.
The puff of flame hits you.
* * * LOW HITPOINT WARNING * * *
You closely miss Terence.
Terence is lightly wounded.
Terence misses you. Terence hits you with a +0 mace.
Things that are here:
a +0 short sword; 3 stones; a kobold corpse You hit Terence.
You kick Terence.
Terence is heavily wounded.
Terence hits you with a +0 mace.
You bump into the rock wall.
Terence hits you with a +0 mace.
* * * LOW HITPOINT WARNING * * *
You feel less invigorated.
You feel less confused. Terence hits you with a +0 mace.
You slash Terence!
Terence is almost dead.
Terence misses you. Terence hits you with a +0 mace.
* * * LOW HITPOINT WARNING * * *
You hit Terence but do no damage.
Terence is almost dead.
Terence hits you with a +0 mace!
You die...

..# #.....#+##.#.###.#
..# #.....#.#........#
..# #.....#.####.#######
..# #.....#.............
..# #.......####.#######
..###.......# #......K..
....#.......# #..#######
....#.....### #..#
....'...### #.@##
....#...#######.@)#######
....+............<.......
....#........##.[†#######
....#........+....#
###.#.....<..##..##
#.#........##..#
#.+........##..#
......†.'...#


You could see Terence.

Vanquished Creatures
  A worm (D:2)
  2 bats (D:1)
  2 endoplasms (D:2)
  A goblin (D:1)
  5 hobgoblins
  A quokka (D:2)
  2 frilled lizards
  4 kobolds
  2 rats
20 creatures vanquished.

Notes
Turn   | Place    | Note
-------+----------+-------------------------------------------
     0 | D:1      | innerfire43 the Demonspawn Monk began the quest for the
                  | Orb.
     0 | D:1      | Reached XP level 1. HP: 18/18 MP: 1/1
   404 | D:1      | Gained mutation: You have sharp fingernails. [demonic
                  | ancestry]
   404 | D:1      | Reached XP level 2. HP: 23/24 MP: 2/2
  1064 | D:2      | Noticed Terence
  1145 | D:1      | Identified a scroll of acquirement
  1145 | D:1      | Acquired 860 gold pieces
  1155 | D:2      | Gained mutation: You have large cloven feet. [potion of
                  | mutation]
  1155 | D:2      | Gained mutation: Your movements are slightly less
                  | encumbered by armour. (ER -2) [potion of mutation]
  1162 | D:2      | Slain by Terence

Illustrated notes

Levels and vault maps discovered:
D:1:      minmay_arrival_widening_spiral_narrow, layout_basic
D:2:      layout_basic, shapermc_ecumenical_altar_mp_highgroup, uniq_terence,
          uniq_sigmund

Skill      XL: |  1  2 |
---------------+-------+-----
Axes           | 3 |  3.4
Dodging        | 3 |  3.0
Fighting       | |  3.0

Action                     || total
---------------------------++-------
  Melee: Hand axe          ||    47
         War axe           ||     9
         Kick              ||     1
    Use: Scroll            ||     2
         Potion            ||     2
 Armour: Robe              ||     7
  Dodge: Dodged            ||    35

Table legend: (Time is in decaauts)
 A = Elapsed time spent in this place.
 B = Non-inter-level travel time spent in this place.
 C = Inter-level travel time spent in this place.
 D = Time resting spent in this place.
 E = Time spent auto-exploring this place.
 F = Levels seen in this place.
 G = Mean time per level.
                   A        B        C        D        E       F      G
               +--------+--------+--------+--------+--------+-----+--------+
         Total |   1171 |   1080 |     91 |      0 |    920 |   2 |  585.5 |
       Dungeon |   1171 |   1080 |     91 |      0 |    920 |   2 |  585.5 |
               +--------+--------+--------+--------+--------+-----+--------+

Top non-repeatable levels by time:
     D:1: 748 daAuts
     D:2: 422 daAuts
